 Dungeon Crawl Stone Soup version 0.22.0-38-g04b72b8 (webtiles) character file.

4666 leisz the Protected (level 10, -3/94 HPs)
             Began as a Deep Dwarf Fighter on Aug 27, 2018.
             Was an Initiate of Makhleb.
             Slain by a wolf spider (4 damage)
             ... on level 9 of the Dungeon.
             The game lasted 00:35:12 (7285 turns).

leisz the Protected (Deep Dwarf Fighter)            Turns: 7285, Time: 00:35:13

Health: -3/94      AC: 18    Str: 23    XL:     10   Next: 20%
Magic:  7/7        EV:  5    Int:  9    God:    Makhleb [......]
Gold:   128        SH: 11    Dex: 15    Spells: 9/9 levels left

rFire    + + +     SeeInvis .   b - +6 hand axe (freeze)
rCold    x . .     Gourm    .   c - +0 shield
rNeg     . . .     Faith    .   Q - +0 plate armour
rPois    +         Spirit   .   q - +0 helmet
rElec    .         Reflect  .   D - +0 cloak
rCorr    .         Harm     .   k - +0 pair of gloves
MR       +....                  (no boots)
Stlth    ..........             (no amulet)
HPRegen  0.00/turn              y - ring of protection from fire
MPRegen  0.10/turn              n - ring of Juircha {+Blink rPois rF++ rC- Str+3}

@: non-regenerating
A: damage resistance, heal wounds, sense surroundings 2, no regeneration
a: Heal Wounds, Renounce Religion, Evoke Blink


You were on level 9 of the Dungeon.
You worshipped Makhleb.
Makhleb was noncommittal.
You were not hungry.

You visited 1 branch of the dungeon, and saw 9 of its levels.
You also visited: Sewer.

You collected 572 gold pieces.
You spent 444 gold pieces at shops.

Inventory:

Hand Weapons
 a - a +0 hunting sling
 b - a +6 hand axe of freezing (weapon)
 u - a +1 war axe
 K - a +1 hand axe of venom
 L - a +0 hand axe of chopping
Missiles
 e - 186 stones (quivered)
 s - 101 sling bullets
 z - 5 tomahawks
Armour
 c - a +0 shield (worn)
 k - a +0 pair of gloves (worn)
 q - a +0 helmet (worn)
 D - a +0 cloak (worn)
 Q - a +0 plate armour (worn)
Jewellery
 n - the ring of Juircha (right hand) {+Blink rPois rF++ rC- Str+3}
   (You bought it in a shop on level 9 of the Dungeon)

   [ring of strength]

   It affects your strength (+3).
   It greatly protects you from fire.
   It makes you vulnerable to cold.
   It protects you from poison.
   It lets you blink.
 y - a ring of protection from fire (left hand)
 F - an uncursed ring of stealth
Wands
 l - a wand of flame (51)
 B - a wand of random effects (51)
 M - a wand of polymorph (9)
 N - a wand of digging (11)
Scrolls
 g - a scroll of amnesia {unknown}
 h - 8 scrolls of teleportation
 w - 3 scrolls of blinking {unknown}
 x - 2 scrolls of identify
 A - a scroll of remove curse
 C - a scroll of fog {unknown}
 E - a scroll of fear {unknown}
 H - 2 scrolls of enchant armour {unknown}
 O - a scroll of enchant weapon
 P - a scroll of magic mapping {unknown}
Potions
 d - a potion of agility
 i - a potion of resistance {unknown}
 j - 4 potions of curing
 o - 3 potions of brilliance
 p - 2 potions of heal wounds
 r - 2 potions of invisibility {unknown}
 t - a potion of lignification {unknown}
 v - 2 potions of flight
 G - a potion of mutation {unknown}
 I - a potion of ambrosia {unknown}
 J - a potion of might
Comestibles
 f - 20 rations
 m - 7 chunks of flesh


   Skills:
 + Level 7.6 Fighting
 + Level 8.8 Axes
 + Level 9.2 Armour
 - Level 8.0 Shields


You had 9 spell levels left.
You didn't know any spells.
Your spell library contained the following spells:

 Spells                   Type           Power        Failure   Level  Hunger
 Confusing Touch          Hex            #.....       100%        1    ##.....
 Magic Dart               Conj           #...         100%        1    ##.....
 Blink                    Tloc           N/A          100%        2    ###....
 Call Imp                 Summ           #.......     100%        2    ###....
 Slow                     Hex            #.......     100%        2    ###....
 Confuse                  Hex            #.......     100%        3    ####...
 Conjure Flame            Conj/Fire      #.......     100%        3    ####...
 Gell's Gravitas          Tloc           #.........   100%        3    ####...
 Mephitic Cloud           Conj/Pois/Air  #.......     100%        3    ####...
 Petrify                  Tmut/Erth      #.......     100%        4    #####..
 Metabolic Englaciation   Hex/Ice        #.........   100%        5    ######.
 Yara's Violent Unravell  Hex/Tmut       #.........   100%        5    ######.


Dungeon Overview and Level Annotations

Branches:
Dungeon (9/15)             Temple (0/1) D:5
   Lair: D:8-11         Orc: D:9-12

Altars:
Cheibriados
Makhleb
Nemelex Xobeh
Okawaru
Uskayaw
Xom
Yredelemnul
Zin
The Shining One

Shops:
D:9 =

Annotations:
D:3 2 transporters, Phong's ghost, amateur GrHu


Innate Abilities, Weirdness & Mutations

You are resistant to damage.
You can heal yourself by infusing magical energy.
You passively map the area around you.
You do not regenerate.


Message History

You barely miss the wolf spider.
The wolf spider is severely wounded.
The wolf spider hits you.
* * * LOW HITPOINT WARNING * * *
The wolf spider bites you.
The wolf spider hits you but does no damage.
The wolf spider bites you but does no damage.
You slash the wolf spider! You freeze the wolf spider.
The wolf spider is almost dead.
You block the wolf spider's attack.
The wolf spider bites you but does no damage.
You hit the wolf spider. You freeze the wolf spider.
The wolf spider is almost dead.
The wolf spider barely misses you. The wolf spider bites you.
* * * LOW HITPOINT WARNING * * *
The wolf spider hits you!
* * * LOW HITPOINT WARNING * * *
The wolf spider bites you.
You fail to use your ability.
The wolf spider hits you.
You die...

.## ##.≈≈≈..............#
..## ##...................#
(((###....................#
....#[......).............#
...)......................##
...........................#
.........[)................#
...............'########'..#
.........).....#@s......#..#
....#..........#⌠......⌠#.##
...###.........#.._.._..#.#
..## ##........#⌠......⌠#.#
.## ##.≈≈≈...##########.#
..## ##..≈≈≈...# #$$$$# #.#
..[###...≈≈≈...##......##.#
....#...........##....##..#
................ #8..8# ,*


You could see a wolf spider.

Vanquished Creatures
  A catoblepas (D:9)
  The ghost of Oddysee the Shield-Bearer, a novice FoFi of Yredelemnul (D:7)
  A hippogriff (D:7)
  Sigmund (D:6)
  Eustachio (D:4)
  An orc warrior (D:9)
  2 ice beasts
  3 sky beasts
  A black bear (D:6)
  4 ogres
  3 centaurs
  2 big kobolds
  A bullfrog (D:8)
  A scorpion (D:9)
  3 killer bees (D:7)
  5 wights (D:6)
  A jelly (D:6)
  3 crimson imps (D:5)
  3 hounds
  A quasit (D:9)
  2 bullfrog skeletons
  4 orc priests
  Crazy Yiuf (D:5)
  3 iguanas
  3 orc wizards (D:4)
  6 worker ants
  A killer bee zombie (D:9)
  4 gnolls (D:6)
  6 river rats
  13 adders
  A shadow imp (D:6)
  2 oozes
  2 adder zombies
  An adder skeleton (D:4)
  6 worms
  2 dart slugs
  3 leopard geckos
  21 orcs
  2 ball pythons
  10 giant cockroaches
  10 goblins
  7 hobgoblins
  8 jackals
  13 kobolds
  A quokka (D:7)
  A ball python skeleton (D:4)
  9 bats
  4 frilled lizards
  A jackal skeleton (D:7)
  A leopard gecko zombie (D:5)
  A quokka zombie (D:9)
  13 rats
  3 fungi (D:4)
204 creatures vanquished.

Notes
Turn   | Place    | Note
-------+----------+-------------------------------------------
     0 | D:1      | leisz the Deep Dwarf Fighter began the quest for the Orb.
     0 | D:1      | Reached XP level 1. HP: 20/20 MP: 1/1
   118 | D:1      | Reached XP level 2. HP: 27/27 MP: 2/2
   366 | D:1      | Reached XP level 3. HP: 30/34 MP: 3/3
  1233 | D:2      | Reached XP level 4. HP: 16/42 MP: 4/4
  1266 | D:2      | Reached skill level 4 in Armour
  1435 | D:2      | Found a basalt altar of Yredelemnul.
  1786 | D:3      | Found a glowing silver altar of Zin.
  1786 | D:3      | Found a shimmering altar of Xom.
  1786 | D:3      | Noticed an angel
  2017 | D:3      | Found a transporter.
  2019 | D:3      | Noticed Phong's ghost (amateur GrHu)
  2019 | D:3      | Noticed an ogre
  2020 | D:3      | Found a transporter.
  2251 | D:3      | Reached XP level 5. HP: 42/49 MP: 5/5
  2305 | D:3      | You fall through a shaft!
  2467 | D:4      | Found a glowing drain.
  2476 | Sewer    | Entered a sewer
  2576 | Sewer    | Reached XP level 6. HP: 17/57 MP: 6/6
  2608 | Sewer    | Found a glowing silver altar of Zin.
  2802 | D:4      | Reached skill level 5 in Armour
  2896 | D:4      | Reached skill level 5 in Shields
  2984 | D:4      | Noticed Eustachio
  3015 | D:4      | Killed Eustachio
  3015 | D:4      | Reached XP level 7. HP: 38/64 MP: 6/6
  3294 | D:4      | Reached skill level 5 in Axes
  3474 | D:4      | Found a sparkling altar of Nemelex Xobeh.
  3606 | D:5      | Entered Level 5 of the Dungeon
  4168 | D:5      | Found a runed door.
  4285 | D:5      | Reached skill level 6 in Armour
  4285 | D:5      | Reached XP level 8. HP: 66/73 MP: 6/6
  4305 | D:5      | Found a staircase to the Ecumenical Temple.
  4478 | D:5      | Noticed Crazy Yiuf
  4486 | D:5      | Killed Crazy Yiuf
  4486 | D:5      | Reached skill level 5 in Fighting
  4575 | D:6      | Noticed Sigmund
  4587 | D:6      | Killed Sigmund
  4892 | D:6      | Reached skill level 7 in Armour
  5123 | D:6      | Gained mutation: You passively map the area around you. [Deep Dwarf growth]
  5123 | D:6      | Reached XP level 9. HP: 38/82 MP: 6/6
  5365 | D:7      | Found an iron altar of Okawaru.
  5404 | D:7      | Found a runed door.
  5406 | D:7      | Noticed Oddysee's ghost (novice FoFi)
  5678 | D:7      | Found a burning altar of Makhleb.
  5686 | D:7      | Became a worshipper of Makhleb the Destroyer
  5925 | D:7      | Killed Oddysee's ghost
  5925 | D:7      | Reached skill level 8 in Armour
  6253 | D:8      | Found a snail-covered altar of Cheibriados.
  6397 | D:8      | Found a glowing golden altar of the Shining One.
  6794 | D:9      | Found Ateluts's Jewellery Shop.
  6800 | D:9      | Bought the ring of Juircha {+Blink rPois rF++ rC- Str+3} for 444 gold pieces
  7118 | D:9      | Reached XP level 10. HP: 32/94 MP: 7/7
  7207 | D:9      | Found a hide-covered altar of Uskayaw.
  7207 | D:9      | Found a shimmering altar of Xom.
  7213 | D:9      | Noticed a wolf spider
  7214 | D:9      | Noticed a catoblepas
  7246 | D:9      | Killed a catoblepas
  7246 | D:9      | Reached skill level 9 in Armour
  7264 | D:9      | Noticed a wolf spider
  7284 | D:9      | HP: 1/94 [wolf spider (9)]
  7285 | D:9      | Slain by a wolf spider

Skill      XL: |  1  2  3  4  5  6  7  8  9 10 |
---------------+-------------------------------+-----
Fighting       | 3 4 6 7 |  7.6
Axes           | 3 4 5 6 8 |  8.8
Armour         | 4 5 6 7 8 9 |  9.2
Shields        | 4 5 6 7 8 |  8.0

Action                   |  1- 3 |  4- 6 |  7- 9 | 10-12 || total
-------------------------+-------+-------+-------+-------++-------
Melee: War axe           |   159 |   250 |       |       ||   409
       Hand axe          |       |    18 |   386 |    35 ||   439
 Fire: Hunting sling     |       |     5 |    56 |       ||    61
Throw: Stone             |    25 |    51 |    81 |       ||   157
 Abil: Heal Wounds       |       |     4 |     6 |     2 ||    12
  Use: Scroll            |     1 |     5 |     7 |       ||    13
       Potion            |       |     2 |     2 |     2 ||     6
 Stab: Sleeping          |       |       |     1 |       ||     1
  Eat: Chunk             |     1 |     7 |    10 |     1 ||    19
       Ration            |       |       |     1 |       ||     1
Armor: Scale mail        |    92 |   169 |    81 |       ||   342
       Ring mail         |       |       |    47 |       ||    47
       Plate armour      |       |       |       |    20 ||    20
Dodge: Dodged            |    44 |    99 |    69 |     8 ||   220
Block: Shield            |    94 |   170 |   177 |    11 ||   452
